 Zot Defence DCSS version 0.15.2 (webtiles) character file.

152 blackwizard the Caller (level 5, -6/48 HPs)
             Began as a Troll Summoner on May 26, 2017.
             Mangled by a green rat (8 damage)
             ... in the Realm of Zot (Scenario V: Glassed Sandwich).
             The game lasted 00:04:25 (1078 turns).

blackwizard the Caller (Troll Summoner)             Turns: 1078, Time: 00:04:25

HP  -6/48        AC  5     Str 17      XL: 5   Next: 11%
MP   2/4         EV  9     Int 11      God:
Gold 0           SH  0     Dex 10      Spells:  1 memorised,  6 levels left

rFire  . . .     SeeInvis .     j - -2 dagger (curse)
rCold  . . .     Clarity  .     a - +0 robe
rNeg   . . .     rCorr    .     (shield restricted)
rPois  .         rRot     .     (helmet restricted)
rElec  .         Spirit   .     (no cloak)
SustAb .         Warding  .     (gloves unavailable)
rMut   .         Stasis   .     (boots unavailable)
Gourm  +                        (no amulet)
MR     .....                    (no ring)
                                (no ring)

@: very slightly contaminated, very heavily drained, not resistant to hostile
enchantments, very unstealthy
A: unfitting armour, claws 3, fast metabolism 3, gourmand, regeneration 2,
saprovore 2, shaggy fur 1, tough skin 2
a: Make oklob sapling, Make arrow trap, Make plant, Remove Curse, Make burning
bush


You were in the Realm of Zot.
You were not hungry.

You visited 1 branch

Inventory:

Hand weapons
 j - a cursed -2 dagger (weapon)
Armour
 a - a +0 robe (worn)
Comestibles
 d - 2 meat rations
Scrolls
 i - a scroll of blinking
Potions
 c - 3 potions of curing
 e - a potion of heal wounds
 f - a potion of haste
 g - 2 potions of magic
 h - a potion of berserk rage
Books
 b - a book of Callings

   Spells                             Type                      Level
   *Summon Small Mammal               Summoning                    1
   Call Imp                           Summoning                    2
   Call Canine Familiar               Summoning                    3
   Summon Guardian Golem              Hexes/Summoning              4
   Summon Lightning Spire             Summoning/Air                4
   Summon Ice Beast                   Ice/Summoning                4


   Skills:
 + Level 1.2(0.0) Fighting
 + Level 0.5(0.0) Short Blades
 + Level 3.0(0.0) Dodging
 - Level 1.1(0.0) Stealth
 + Level 1.5(0.0) Spellcasting
 + Level 3.6(0.0) Summonings


You had 6 spell levels left.
You knew the following spells:

 Your Spells              Type           Power        Failure   Level  Hunger
a - Summon Small Mammal   Summ           #...         34%         1    ##.....


Dungeon Overview and Level Annotations

Branches:
    Zot (1/1)

Altars:

Annotations:
Zot Jessica


Innate Abilities, Weirdness & Mutations

You are too large for most types of armour.
You have claws for hands.
Your metabolism is lightning-fast.
You like to eat raw meat.
You heal very quickly.
You can eat rotten meat.
You are covered in fur (AC +1).
You have very tough skin (AC +2).


Message History

The giant newt hisses menacingly.
Unknown command.
You hit the ooze but do no damage.
The ooze is almost dead.
The green rat bites you.
* * * LOW HITPOINT WARNING * * *
The phantom closely misses you. The ooze hits you but does no damage.
Jessica mumbles some strange words.
Jessica blinks!
Casting: Summon Small Mammal
Confirm with . or Enter, or press ? or * to list all spells.
You miscast Summon Small Mammal.
You are very lightly contaminated with residual magic.
Nothing appears to happen.
The rat closely misses you. The ooze misses you.
A goblin comes into view. It is wielding a dagger.
Casting: Summon Small Mammal
Confirm with . or Enter, or press ? or * to list all spells.
You miscast Summon Small Mammal.
Nothing appears to happen.
The green rat bites you!
You die...

....▓▓...........................
...▓▓............................
..▓▓..............S..............
.▓▓................J.....J.......
▓▓...................l...........
.................................
▓▓▓▓▓▓▓▓▓▓▓▓▓▓▓▓▓▓▓▓▓▓g..........


KK%gKSKOsghrshggSrg%............. bbgr.bsrrSrbhhrs@J...............
Srr.KrgrrsbKKbbSWr............... ..r..Jrrrgrrglhl.................
W..W..lrrrrKZrrb................. .......bbKgglKgb.................
....▓▓▓▓▓▓▓▓▓▓▓▓▓▓▓▓▓▓▓▓▓▓▓▓▓▓▓▓▓ .................................
................................. ..............................<.. You could
see a phantom, Kaseam the gnoll shaman, an ooze, 2 adders, a green rat, 2 giant
mites, a giant gecko, 5 jackals, 2 giant cockroaches, 4 hobgoblins, 5 goblins, 5
bats, Tizunto the bat, a ball python, 5 kobolds, 2 giant newts, 12 rats and
Oguwiclam the giant frog skeleton.

Vanquished Creatures
  Ijyb (Zot)
  An adder (Zot)
  A giant mite (Zot)
  2 oozes (Zot)
  2 ball pythons (Zot)
  2 giant cockroaches (Zot)
  3 goblins (Zot)
  3 bats (Zot)
  5 giant newts (Zot)
  8 kobolds (Zot)
  A quokka (Zot)
  6 rats (Zot)
35 creatures vanquished.

Vanquished Creatures (collateral kills)
  A ball python (Zot)
  A kobold (Zot)
  A bat (Zot)
  2 giant cockroaches (Zot)
  A giant newt (Zot)
  A goblin (Zot)
  2 rats (Zot)
9 creatures vanquished.

Vanquished Creatures (others)
  4 bats (Zot)
  8 rats (Zot)
12 creatures vanquished.

Grand Total: 56 creatures vanquished

Notes
Turn   | Place    | Note
--------------------------------------------------------------
     0 | Zot      | blackwizard, the Troll Summoner, began the quest for the Orb.
     0 | Zot      | Reached XP level 1. HP: 16/16 MP: 2/2
   215 | Zot      | Reached skill level 3 in Summonings
   231 | Zot      | Reached XP level 2. HP: 24/24 MP: 1/2
   266 | Zot      | Noticed Kaseam
   461 | Zot      | Reached XP level 3. HP: 31/31 MP: 3/3
   524 | Zot      | Noticed a phantom
   536 | Zot      | Noticed Zupne
   764 | Zot      | Noticed Ijyb
   905 | Zot      | Killed Ijyb
   905 | Zot      | Reached XP level 4. HP: 40/40 MP: 2/4
   932 | Zot      | Reached skill level 1 in Fighting
  1044 | Zot      | Reached XP level 5. HP: 48/48 MP: 4/4
  1068 | Zot      | Noticed Jessica
  1076 | Zot      | HP: 1/48 [green rat (6)]
  1078 | Zot      | Mangled by a green rat

Action                   |  1- 3 |  4- 6 || total
-------------------------+-------+-------++-------
Melee: Unarmed           |    17 |       ||    17
       Dagger            |   438 |   160 ||   598
 Cast: Summon Small Mamm |    16 |       ||    16
